 Dungeon Crawl Stone Soup version 0.30.1 (webtiles) character file.

Game seed: 12836332707627013618

46 Graphine the Shooter (level 3, -7/31 HPs)
             Began as a Minotaur Hunter on July 5, 2023.
             Killed from afar by Sigmund (9 damage)
             ... with a magic dart
             ... on level 2 of the Dungeon.
             The game lasted 00:02:39 (955 turns).

Graphine the Shooter (Minotaur Hunter)               Turns: 955, Time: 00:02:40

Health: -7/31      AC:  3    Str: 21    XL:     3   Next: 44%
Magic:  2/2        EV: 12    Int:  6    God:
Gold:   59         SH:  0    Dex: 15    Spells: 2/2 levels left

rFire   . . .        a - +0 shortbow
rCold   . . .        (shield currently unavailable)
rNeg    . . .        c - +0 leather armour
rPois   .            (helmet restricted)
rElec   .            (no cloak)
rCorr   .            (no gloves)
SInv    .            (no boots)
Will    .....        i - amulet of magic regeneration
Stlth   ++           h - +6 ring of strength
HPRegen 0.25/turn    (no ring)
MPRegen 0.48/turn

%: no passive effects
@: no status effects
A: horns 2, retaliatory headbutt
a: no special abilities


You were on level 2 of the Dungeon.
You visited 1 branch of the dungeon, and saw 2 of its levels.

You collected 59 gold pieces.

Inventory:

Hand Weapons
 a - a +0 shortbow (weapon)
Armour
 c - a +0 leather armour (worn)
Jewellery
 h - a +6 ring of strength (left hand)
 i - an amulet of magic regeneration (around neck)
Scrolls
 b - a scroll of immolation
 d - a scroll of noise {unknown}
 e - 2 scrolls of identify {unknown}
 f - 3 scrolls of amnesia {unknown}
 g - a scroll of poison {unknown}
Potions
 j - 2 potions of might {unknown}
 k - a potion of lignification {unknown}


   Skills:
 + Level 3.0 Fighting
 * Level 5.0 Ranged Weapons
 + Level 0.4 Armour
 + Level 2.7 Dodging
 - Level 1.3 Stealth


You had 2 spell levels left.
You didn't know any spells.
Your spell library was empty.

Dungeon Overview and Level Annotations

Branches:
Dungeon (2/15)

Altars:

Annotations:
D:2 Sigmund


Innate Abilities, Weirdness & Mutations

You have a pair of horns on your head.
You reflexively headbutt those who attack you in melee.


Message History

Fire: a) +0 shortbow
Press: ? - help, Q - select action Shift-Dir - straight line, f/p - Sigmund
Aim: Sigmund, wielding a +2 scythe of protection and wearing a +0 robe (severely wounded, 58% to hit)
Okay, then.
Sigmund gestures at you while chanting. The magic dart hits you.
* * * LOW HITPOINT WARNING * * *
Sigmund asks, "Do you like me?" Sigmund gestures at you while chanting.
The magic dart hits you.
* * * LOW HITPOINT WARNING * * *
Unknown command.
Fire: a) +0 shortbow
Press: ? - help, Q - select action Shift-Dir - straight line, f/p - Sigmund
Aim: Sigmund, wielding a +2 scythe of protection and wearing a +0 robe (severely wounded, 58% to hit)
You shoot an arrow.
The arrow hits Sigmund but does no damage.
Sigmund is severely wounded.
Sigmund gestures at you while chanting.
You are confused.
Non-targeted confused fire: a) +0 shortbow
Press: ? - help, Q - select action Dir - look around, f - activate You shoot an arrow.
Non-targeted confused fire: a) +0 shortbow
Press: ? - help, Q - select action Dir - look around, f - activate Look: Sigmund, wielding a +2 scythe of protection and wearing a +0 robe (severely wounded)
You shoot an arrow. Sigmund closely misses you. Sigmund casts a spell at you.
You are more confused.
Sigmund casts a spell at you. You resist with significant effort.
You bump into the rock wall.
Sigmund casts a spell at you. The magic dart hits you.
* * * LOW HITPOINT WARNING * * *
You feel less confused.
Sigmund points at you and mumbles some strange words.
The magic dart hits you!
You die...

.......#####.# #.# #.#.#
#.##.......####@# #.#.#
#.....#.......#.###.#.#
>#####..#.......#.#.....####
........#.......#.#.[...##..
#######.#.........#.........
#.#.......###.....##..
#.#.....@.# #.....####
#.#.<@....# #.#####
######.######### #.#
#......# ########.# #.######
#......#.# #.#
#.####.#.######## #.#
#.####.#.##......
#.#########.#......##.#....
#.............##.####.#....
###########.####.# #....>.


You could see Sigmund.

Vanquished Creatures
  A worm (D:2)
  A dart slug (D:2)
  4 bats (D:1)
  7 endoplasms
  6 goblins
  A hobgoblin (D:1)
  2 jackals (D:2)
  3 kobolds
  2 quokkas
  2 ball pythons
  A frilled lizard (D:1)
  6 rats
36 creatures vanquished.

Notes
Turn   | Place    | Note
-------+----------+-------------------------------------------
     0 | D:1      | Graphine the Minotaur Hunter began the quest for the Orb.
     0 | D:1      | Reached XP level 1. HP: 18/18 MP: 0/0
    42 | D:1      | Found a faded altar of an unknown god.
   128 | D:1      | Reached skill level 1 in Stealth
   161 | D:1      | Reached XP level 2. HP: 25/25 MP: 1/1
   621 | D:1      | You fall into a shaft and drop 1 floor!
   692 | D:2      | Reached XP level 3. HP: 30/30 MP: 2/2
   818 | D:2      | Noticed Sigmund
   901 | D:2      | Reached skill level 5 in Ranged Weapons
   932 | D:2      | HP: 1/31 [Sigmund/magic dart (6)]
   951 | D:2      | HP: 1/31 [Sigmund/magic dart (5)]
   955 | D:2      | Killed from afar by Sigmund

Illustrated notes

Levels and vault maps discovered:
D:1:      minmay_arrival_nine_rooms, layout_loops_corners,
          chequers_ecumenical_altar_simple_redux
D:2:      layout_loops_cross, uniq_sigmund

Skill      XL: |  1  2  3 |
---------------+----------+-----
Stealth        | 1 |  1.3
Fighting       | 3 |  3.0
Ranged Weapons | 5 |  5.0
Armour         | |  0.4
Dodging        | |  2.7

Action                     || total
---------------------------++-------
   Fire: Shortbow          ||    99
 Armour: Leather armour    ||     4
  Dodge: Dodged            ||    16
